cohdb
Replays
Latest Replays
All Replays
Popular Replays
Top Player Replays
Match Explorer
How It Works
Community
CoH3 Stats
Reddit
Sign in to upload your games and track your stats! →
Sign in with Steam
Match 42624304
Unlisted
Match 42624304
Overview
Messages
Build Orders
End
Construct Section Command Post
Dingo Light Scout Car
Infantry Section
Infantry Section
Infantry Section
Construct Platoon Command Post
Infantry Section
CMP 15cwt Truck
Selects Heavy Armor Battlegroup
Selects Engineer Detachments
6-pounder Anti-tank Gun Team
Infantry Training
6-pounder Anti-tank Gun Team
Grenade Package
Construct Company Command Post
Matilda II Heavy Tank
Foot Guards Section
Selects Forward Repair Assembly
GarryOwen\O-O
B4R1SH
Cerberus
KiLLiNP4K
raven182
Visetiisen
nateums
Mustache and Melons
0
0
Comments
sign in to comment!
No comments posted yet!